 Dungeon Crawl Stone Soup version 0.30-a0-368-g86fb4627a9 (webtiles) character file.

Game seed: 17458119686088349576

90246 experimilk the Brawler (level 15, -10/145 HPs)
             Began as a Troll Gladiator on Nov 19, 2022.
             Was a Priest of Uskayaw.
             Shot with a bolt by a naga sharpshooter (31 damage)
             ... on level 1 of the Snake Pit.
             The game lasted 02:18:15 (31479 turns).

experimilk the Brawler (Troll Gladiator)           Turns: 31479, Time: 02:18:16

Health: -10/145    AC: 13    Str: 32    XL:     15   Next: 51%
Magic:  16/21      EV:  9    Int:  4    God:    Uskayaw [***...]
Gold:   2362       SH:  5    Dex: 11    Spells: 14/14 levels left

rFire   + . .      SeeInvis +      - Unarmed
rCold   + . .      Faith    .    (no shield)
rNeg    . . .      Spirit   .    J - +1 steam dragon scales
rPois   +          Reflect  +    B - +1 hat {SInv}
rElec   .          Harm     .    z - scarf {rC+ rF+}
rCorr   .          Rampage  .    (gloves unavailable)
Will    +....                    (boots unavailable)
Stlth   +.........               g - amulet of reflection
HPRegen 1.24/turn                o - +4 ring of protection
MPRegen 0.17/turn                S - ring of poison resistance

@: lethally poisoned (-10 -> -10), about to teleport, constricted, studying
Maces & Flails
A: large, unfitting armour, claws 3, regeneration 1, shaggy fur 1, tough skin 1
a: Renounce Religion, Stomp, Line Pass


You were on level 1 of the Snake Pit.
You worshipped Uskayaw.
Uskayaw was aware of your devotion.
You visited 4 branches of the dungeon, and saw 21 of its levels.
You also visited: Sewer, Ice Cave and Volcano.

You collected 3052 gold pieces.
You spent 690 gold pieces at shops.

Inventory:

Hand Weapons
 e - a +3 scimitar of flaming
Missiles
 c - 4 throwing nets
 d - 12 large rocks (quivered)
 l - 96 poisoned darts
 E - 6 atropa-tipped darts
 F - 9 curare-tipped darts
 K - 2 javelins
 N - 5 datura-tipped darts
Armour
 f - a +0 robe of resistance
 z - a scarf of resistance (worn)
 B - a +1 hat of see invisible (worn)
 J - +1 steam dragon scales (worn)
Jewellery
 a - a ring of ice
 g - an amulet of reflection (around neck)
 o - a +4 ring of protection (left claw)
 p - an amulet of the acrobat
 r - a ring of resist corrosion
 H - a ring of protection from fire
 S - a ring of poison resistance (right claw)
Wands
 m - a wand of paralysis (12)
 M - a wand of iceblast (2)
 Q - a wand of acid (11)
 R - a wand of polymorph (18)
 T - a wand of flame (35)
Scrolls
 b - a scroll of enchant weapon
 h - 10 scrolls of blinking
 i - 6 scrolls of poison
 n - a scroll of immolation
 s - 7 scrolls of fear
 t - 2 scrolls of amnesia
 x - 6 scrolls of teleportation
 y - 3 scrolls of butterflies
 L - 2 scrolls of brand weapon
 U - 2 scrolls of identify
 W - a scroll of enchant armour
 X - a scroll of magic mapping
 Y - 2 scrolls of vulnerability
Potions
 j - 4 potions of attraction
 k - 4 potions of flight
 q - 8 potions of brilliance
 u - 3 potions of magic
 v - 2 potions of haste
 w - a potion of resistance
 C - 5 potions of mutation
 D - a potion of berserk rage
 I - 2 potions of lignification
 O - a potion of cancellation
 V - 2 potions of curing
 Z - 3 potions of heal wounds
Miscellaneous
 P - a lightning rod (4/4)


   Skills:
 + Level 8.7 Fighting
 - Level 12.0 Throwing
 - Level 8.0 Dodging
 * Level 16.8 Unarmed Combat
 - Level 10.0 Invocations
 + Level 6.7 Evocations


You had 14 spell levels left.
You didn't know any spells.
Your spell library contained the following spells:

 Spells                   Type           Power      Damage    Failure   Level
 Freeze                   Ice            0%         1d3       50%         1
 Magic Dart               Conj           0%         1d3       50%         1
 Shock                    Conj/Air       0%         1d3       50%         1
 Call Imp                 Summ           0%         N/A       65%         2
 Cigotuvi's Dreadful Rot  Necr/Pois/Air  0%         N/A       65%         2
 Ensorcelled Hibernation  Hex/Ice        0%         N/A       65%         2
 Poisonous Vapours        Pois/Air       0%         N/A       65%         2
 Sublimation of Blood     Necr           0%         N/A       65%         2
 Frozen Ramparts          Ice            0%         1d1       86%         3
 Hailstorm                Conj/Ice       0%         3d3       86%         3
 Mephitic Cloud           Conj/Pois/Air  0%         N/A       86%         3
 Swiftness                Air            0%         N/A       86%         3
 Tukima's Dance           Hex            0%         N/A       86%         3
 Airstrike                Air            0%         2d(0-16)  99%         4
 Animate Dead             Necr           0%         N/A       99%         4
 Ice Form                 Ice/Tmut       0%         N/A       99%         4
 Passage of Golubria      Tloc           0%         N/A       99%         4
 Petrify                  Tmut/Erth      0%         N/A       99%         4
 Summon Ice Beast         Ice/Summ       0%         N/A       99%         4
 Agony                    Necr           0%         N/A       100%        5
 Borgnjor's Vile Clutch   Necr/Erth      0%         N/A       100%        5
 Freezing Cloud           Conj/Ice/Air   0%         6-21      100%        5
 Irradiate                Conj/Tmut      0%         3d11      100%        5
 Yara's Violent Unravell  Hex/Tmut       0%         3d3       100%        5
 Death Channel            Necr           0%         N/A       100%        6
 Simulacrum               Ice/Necr       0%         N/A       100%        6
 Polar Vortex             Ice            0%         N/A       100%        9


Dungeon Overview and Level Annotations

Branches:
Dungeon (13/15)            Temple (0/1) D:7            Lair (5/5) D:8
 Shoals (0/4) Lair:2        Snake (1/4) Lair:2        Slime (0/5) Lair:4
    Orc (2/2) D:12            Elf (0/3) Orc:2        Vaults (0/5) D:13
  Sewer (visited)           IceCv (visited)         Volcano (visited)

Altars:
Ashenzari
Uskayaw
Jiyva

Shops:
D:6 *   Orc:2 [?[?(

Annotations:
D:8 2 transporters, exclusion: oklob plant, brouguemayhem's ghost, novice MiBe
D:13 1 runed translucent door


Innate Abilities, Weirdness & Mutations

You are too large for most types of armour.
You have claws for hands.
Your natural rate of healing is unusually fast.
You are covered in fur. (AC +1)
You have tough skin. (AC +1)


Message History

Unknown command.
You miss the anaconda.
The anaconda is almost dead.
The anaconda barely misses you. The anaconda completely misses you.
The anaconda constricts you.
The anaconda bites you but does no damage.
Unknown command.
You miss the anaconda.
The anaconda is almost dead.
You block the anaconda's attack. The anaconda constricts you.
The anaconda bites you but does no damage.
The naga sharpshooter unwields a +1 hand axe of venom.
It stops dripping with poison.
The naga sharpshooter wields a +0 arbalest.
The naga sharpshooter casts a spell.
The naga sharpshooter magically shoots a bolt.
The bolt hits you!!
As you read the scroll of teleportation, it crumbles to dust.
You feel strangely unstable. The anaconda bites you!
* * * LOW HITPOINT WARNING * * *
The anaconda constricts you. The anaconda barely misses you.
A hell hound comes into view.
The anaconda bites you!
* * * LOW HITPOINT WARNING * * *
The anaconda constricts you.
The naga sharpshooter spits poison at you.
The splash of poison hits you but does no damage.
You are poisoned.
You resist.
The hell hound barks!
You stomp with the beat, sending a shockwave through the revellers around you!
You kill the anaconda!
The anaconda is severely wounded.
The mana viper is moderately wounded.
You feel sick. The anaconda grabs you. The anaconda completely misses you.
The anaconda constricts you.
* * * LOW HITPOINT WARNING * * *
The mana viper bites you but does no damage.
The naga sharpshooter shoots a bolt.
The bolt hits you!!
You die...

# #....# .. # ##...##
#.....
#######.....####.... .
...................## ..
....................#N..
........................
........................
................S)......
..............(.@.).....
.................S...(..
............(((.........
.......................
....................##
...##..............# ..
#...##........... ####
############


You could see a naga sharpshooter (catching breath, pain bonded), an anaconda
(pain bonded) and a mana viper.

Vanquished Creatures
  Donald (Orc:2)
  Josephine (Orc:1)
  A fire dragon (Lair:5)
  2 vault guards (D:13)
  A hydra (Lair:4)
  A catoblepas (Lair:2)
  2 centaur warriors (D:13)
  2 two-headed ogres
  An anaconda (Snake:1)
  3 boulder beetles
  A tengu warrior (D:13)
  A naga sharpshooter (Snake:1)
  A shock serpent (Snake:1)
  An orc high priest (Orc:1)
  Lodul (D:11)
  2 lindwurms (Lair:5)
  3 mana vipers (Snake:1)
  A naga ritualist (Snake:1)
  A necromancer (IceCv)
  3 orc knights
  3 ugly things
  A deep elf zephyrmancer (Orc:2)
  2 deep elf pyromancers
  A manticore (D:13)
  An orc sorcerer (Orc:1)
  11 black mambas
  14 elephants
  4 cyclopes
  2 ice statues
  4 gargoyles
  5 torpor snails (Lair:5)
  The ghost of Lobster4 the Trooper, a novice HOWn of the Shining One (D:5)
  3 unseen horrors
  12 cane toads
  A rime drake (Lair:5)
  10 komodo dragons
  An efreet (Volcano)
  13 ice devils
  2 kobold demonologists
  2 freezing wraiths (IceCv)
  A tengu conjurer (D:13)
  2 anaconda simulacra (IceCv)
  A meliai (D:13)
  4 trolls
  11 polar bears
  21 blink frogs
  10 hornets
  3 tyrant leeches (Lair:5)
  4 raiju (Lair:5)
  4 slime creatures
  15 dream sheep
  5 wyverns
  4 vampires
  A shadow (D:10)
  7 wraiths
  45 yaks
  2 dire elephant simulacra (IceCv)
  2 basilisks
  2 fire elementals (Volcano)
  2 steam dragons
  6 vampire mosquitoes
  5 death yak simulacra (IceCv)
  6 wargs
  3 harpy simulacra (IceCv)
  3 nagas (Snake:1)
  10 water moccasins
  2 acid dragons
  A hydra simulacrum (IceCv)
  13 hell hounds (Lair:5)
  A swamp drake (Orc:2)
  13 black bears
  2 ice beasts
  30 orc warriors
  2 sky beasts (D:6)
  17 wolves (Lair:5)
  22 ogres
  28 centaurs
  23 kobold brigands
  12 bullfrogs
  A gnoll sergeant (D:13)
  A scorpion (D:6)
  4 cane toad simulacra (IceCv)
  12 wights
  4 elephant simulacra (IceCv)
  8 killer bees
  A troll skeleton (D:9)
  5 spriggan skeletons (D:9)
  An electric eel (D:13)
  6 howler monkeys
  A crimson imp (Orc:2)
  4 jellies
  18 orc priests
  An iron imp (Orc:2)
  2 iguanas
  17 orc wizards
  6 hell rats
  3 polar bear simulacra (IceCv)
  A spriggan simulacrum (IceCv)
  4 wolf simulacra (IceCv)
  18 gnolls
  8 adders
  2 naga simulacra (IceCv)
  A river rat (Sewer)
  2 shadow imps
  6 white imps
  2 worms
  75 orcs
  5 endoplasms
  2 giant cockroaches
  4 goblins
  8 hobgoblins
  33 kobolds
  3 quokkas
  5 ball pythons
  5 bats
  2 frilled lizards
  11 rats
760 creatures vanquished.

Vanquished Creatures (others)
  2 orcs
  A kobold (D:3)
  29 fungi
  63 plants
95 creatures vanquished.

Grand Total: 855 creatures vanquished

Notes
Turn   | Place    | Note
-------+----------+-------------------------------------------
     0 | D:1      | experimilk the Troll Gladiator began the quest for the Orb.
     0 | D:1      | Reached XP level 1. HP: 19/19 MP: 0/0
    67 | D:1      | Reached XP level 2. HP: 26/27 MP: 1/1
   235 | D:1      | Found a faded altar of an unknown god.
   586 | D:1      | Reached XP level 3. HP: 33/33 MP: 2/2
   712 | D:2      | Reached skill level 4 in Unarmed Combat
  1460 | D:2      | Found a broken altar of Ashenzari.
  1657 | D:3      | Reached XP level 4. HP: 39/41 MP: 3/3
  1685 | D:3      | Found a glowing drain.
  1690 | Sewer    | Entered a sewer
  1831 | D:3      | Reached skill level 5 in Unarmed Combat
  1831 | D:3      | Reached XP level 5. HP: 28/48 MP: 4/4
  2893 | D:4      | Found a hide-covered altar of Uskayaw.
  2938 | D:4      | Identified the +1 helmet of Shielding {rC++ Regen+}
  3103 | D:4      | Reached XP level 6. HP: 35/55 MP: 5/5
  3542 | D:5      | Entered Level 5 of the Dungeon
  3550 | D:5      | Reached skill level 6 in Unarmed Combat
  3576 | D:5      | Noticed an ice beast
  3581 | D:5      | Killed an ice beast
  3634 | D:5      | Reached XP level 7. HP: 62/62 MP: 6/6
  3681 | D:5      | Reached skill level 7 in Unarmed Combat
  4380 | D:5      | Reached skill level 5 in Throwing
  4380 | D:5      | Reached skill level 8 in Unarmed Combat
  4450 | D:5      | Reached XP level 8. HP: 70/70 MP: 7/7
  4615 | D:5      | Found a runed translucent door.
  4616 | D:5      | Noticed Lobster4's ghost (novice HOWn)
  4715 | D:6      | Found Cusoyd's General Store.
  4891 | D:6      | Bought a scroll of teleportation for 39 gold pieces
  4891 | D:6      | Bought a scroll of magic mapping for 97 gold pieces
  5050 | D:6      | Reached skill level 9 in Unarmed Combat
  5615 | D:4      | Became a worshipper of Uskayaw the Reveller
  5709 | D:7      | Reached * piety under Uskayaw
  5711 | D:7      | Reached ** piety under Uskayaw
  5749 | D:7      | Noticed a two-headed ogre
  5760 | D:7      | Reached *** piety under Uskayaw
  5761 | D:7      | Killed a two-headed ogre
  5762 | D:7      | Reached skill level 10 in Unarmed Combat
  5762 | D:7      | Reached XP level 9. HP: 50/76 MP: 7/10
  5763 | D:7      | Reached **** piety under Uskayaw
  6626 | D:7      | Found a staircase to the Ecumenical Temple.
  6834 | D:8      | Found a transporter.
  6836 | D:8      | Found a transporter.
  6880 | D:8      | Noticed an oklob plant
  6882 | D:8      | Noticed brouguemayhem's ghost (novice MiBe)
  6882 | D:8      | Noticed a manticore
  6887 | D:8      | Noticed a cyclops
  6926 | D:8      | Noticed a cyclops
  6941 | D:8      | Reached skill level 1 in Evocations
  7600 | D:8      | Identified the +1 chain mail of Gluttony {Str+4}
  7809 | D:8      | Found a staircase to the Lair.
  8050 | D:9      | Noticed a kobold demonologist
  8204 | Lair:1   | Entered Level 1 of the Lair of Beasts
  8208 | Lair:1   | Noticed a cane toad
  8211 | Lair:1   | Noticed a komodo dragon
  8213 | Lair:1   | Killed a cane toad
  8215 | Lair:1   | Reached XP level 10. HP: 80/85 MP: 12/12
  8217 | Lair:1   | Reached skill level 11 in Unarmed Combat
  8217 | Lair:1   | Reached skill level 5 in Invocations
  8217 | Lair:1   | Noticed a cane toad
  8217 | Lair:1   | Reached ***** piety under Uskayaw
  8223 | Lair:1   | Reached ****** piety under Uskayaw
  8226 | Lair:1   | Killed a cane toad
  8279 | Lair:1   | Noticed a cane toad
  8284 | Lair:1   | Killed a cane toad
  8699 | Lair:1   | Noticed a cane toad
  8707 | Lair:1   | Killed a cane toad
  9148 | Lair:2   | Noticed a black mamba
  9155 | Lair:2   | Killed a black mamba
  9156 | Lair:2   | Reached skill level 12 in Unarmed Combat
  9401 | Lair:2   | Found a staircase to the Snake Pit.
  9422 | Lair:2   | Noticed an elephant
  9422 | Lair:2   | Noticed an elephant
  9434 | Lair:2   | Killed an elephant
  9443 | Lair:2   | Killed an elephant
  9444 | Lair:2   | Reached XP level 11. HP: 89/97 MP: 13/13
  9752 | Lair:2   | Noticed a catoblepas
  9770 | Lair:2   | Killed a catoblepas
 10174 | Lair:2   | Found a staircase to the Shoals.
 10676 | Lair:2   | Reached skill level 13 in Unarmed Combat
 11220 | Lair:3   | Reached skill level 5 in Fighting
 12139 | Lair:4   | Noticed a seven-headed hydra
 12144 | Lair:4   | Killed a seven-headed hydra
 12165 | Lair:4   | HP: 1/102 [komodo dragon (25)]
 12646 | Lair:4   | Reached XP level 12. HP: 65/111 MP: 2/14
 12653 | Lair:4   | Reached skill level 5 in Dodging
 12653 | Lair:4   | Reached skill level 14 in Unarmed Combat
 12762 | Lair:4   | Found a dark tunnel.
 12778 | Volcano  | Entered a volcano
 13762 | Lair:4   | Found a staircase to the Slime Pits.
 13763 | Lair:4   | Found a viscous altar of Jiyva.
 13885 | Lair:5   | Entered Level 5 of the Lair of Beasts
 14010 | Lair:5   | Found a runed translucent door.
 14010 | Lair:5   | Noticed a fire dragon
 14181 | Lair:5   | Reached skill level 5 in Evocations
 14185 | Lair:5   | HP: 3/111 [tyrant leech (15)]
 14201 | Lair:4   | Reached skill level 15 in Unarmed Combat
 14880 | Lair:5   | Reached XP level 13. HP: 102/120 MP: 15/17
 14884 | Lair:5   | Reached skill level 10 in Throwing
 15670 | Lair:5   | Paralysed by a hornet for 1 turns
 17701 | Lair:5   | Killed a fire dragon
 17934 | D:9      | Reached XP level 14. HP: 123/133 MP: 14/18
 19339 | D:10     | Entered Level 10 of the Dungeon
 19458 | D:10     | Identified the +7 spear of Undoing {venom, rC+}
 20116 | D:11     | Noticed Lodul
 20127 | D:11     | Killed Lodul
 20216 | D:11     | Found a frozen archway.
 20225 | IceCv    | Entered an ice cave
 21191 | IceCv    | Found an ancient bone altar of Kikubaaqudgha.
 21797 | IceCv    | Got the Collected Works on the Vile Glacier
 23242 | D:12     | Reached skill level 16 in Unarmed Combat
 24327 | D:12     | Found a staircase to the Orcish Mines.
 24662 | D:5      | Killed Lobster4's ghost
 25376 | Orc:1    | Entered Level 1 of the Orcish Mines
 25633 | Orc:1    | You fall into a shaft and drop 1 floor!
 25633 | Orc:2    | Entered Level 2 of the Orcish Mines
 25636 | Orc:2    | Noticed Donald
 25642 | Orc:2    | Killed Donald
 26009 | Orc:1    | Noticed Josephine
 26031 | Orc:1    | Killed Josephine
 26463 | Orc:2    | Reached XP level 15. HP: 143/143 MP: 21/21
 26564 | Orc:2    | Found a staircase to the Elven Halls.
 26697 | Orc:2    | Found Tagi Ekk's Antique Weapon Shop.
 27450 | Orc:2    | Reached skill level 10 in Invocations
 27854 | Orc:2    | Found Caesy's Armour Emporium.
 27854 | Orc:2    | Found Viogiesch's Magic Scroll Boutique.
 27856 | Orc:2    | Found Xyh Vywk's Armour Shop.
 27858 | Orc:2    | Found Xiconenu's Magic Scroll Shoppe.
 27874 | Orc:2    | Bought a scroll of blinking for 105 gold pieces
 27874 | Orc:2    | Bought a scroll of blinking for 105 gold pieces
 27877 | Orc:2    | Bought a scroll of fear for 60 gold pieces
 27877 | Orc:2    | Bought a scroll of enchant armour for 112 gold pieces
 27877 | Orc:2    | Bought a scroll of magic mapping for 112 gold pieces
 27877 | Orc:2    | Bought a scroll of vulnerability for 60 gold pieces
 28595 | D:13     | Found a runed translucent door.
 28805 | D:13     | Noticed a fire giant
 28806 | D:13     | Identified the +6 shortbow of Juosch {antimagic, rPois rC-
                  | Str+3 Int+4}
 28985 | D:13     | Found a gate to the Vaults.
 30439 | D:13     | Noticed a golden dragon
 30660 | Snake:1  | Entered Level 1 of the Snake Pit
 31479 | Snake:1  | Shot with a bolt by a naga sharpshooter

Illustrated notes

Levels and vault maps discovered:
D:1:      amcnicky_arrival_choice, layout_rooms, basic_ecumenical_altar
D:2:      layout_basic, basic_altar, minmay_misc_feat_rugged
D:3:      layout_basic, portal_sewer_entry_e
D:4:      layout_cave_pools, nicolae_uskayaw_suspiria,
          hangedman_abyss_or_decor_jellyfish_corner
D:5:      layout_rooms, ebering_ghost_reflecting_pool, minmay_misc_feat_alley,
          minmay_misc_feat_tower
D:6:      layout_rooms, serial_shops, nicolae_stop_n_shop_1
D:7:      layout_basic, lemuel_temple_firewalk_b, kennysheep_small_circle
D:8:      layout_basic, lair_entry_dummy, nzn_ghost_randoct
D:9:      layout_roguey [special_room_kobold], hangedman_tell_no_tales
D:10:     layout_loops_ring
D:11:     layout_basic, portal_ice_cave_demonic_guard, uniq_lodul
D:12:     layout_roguey, orc_0_dummy, kennysheep_big_empty_room
D:13:     layout_stronghold, lightli_vaults_fourway_checkpoint, abandoned_shop,
          minivault_16, kennysheep_minor_cross, minmay_st_funbox
Lair:1:   layout_small_grid
Lair:2:   layout_cave_pods, minmay_shoals_entry_centaurs, dummy_snake_entry
Lair:3:   layout_layer_cave
Lair:4:   layout_misc_corridors, slime_entry_1, gauntlet_entry_generic,
          enter_volcano_2
Lair:5:   hangedman_lair_caniforms_friends, layout_misc_corridors, wormcave
Snake:1:  layout_cave_shapes, uniq_azrael
Orc:1:    layout_caves, minmay_orc_temple_c, uniq_josephine
Orc:2:    st_orc_rangers, layout_diamond_mine, serial_shops, shop,
          hangedman_minor_magic, uniq_donald

Skill      XL: |  1  2  3  4  5  6  7  8  9 10 11 12 13 14 15 |
---------------+----------------------------------------------+-----
Throwing       | 2 3 4 5 6 7 8 9 11 12 | 12.0
Unarmed Combat | 4 5 6 8 10 12 13 15 16 | 16.8
Invocations    | 3 4 5 6 7 9 10 | 10.0
Evocations     | 1 4 5 6 |  6.7
Fighting       | 3 5 7 8 |  8.7
Dodging        | 4 5 6 7 8 |  8.0

Action                   |  1- 3 |  4- 6 |  7- 9 | 10-12 | 13-15 || total
-------------------------+-------+-------+-------+-------+-------++-------
Melee: Unarmed           |   124 |    81 |   172 |   340 |  1204 ||  1921
       Punch             |     1 |     1 |     4 |    24 |   117 ||   147
Throw: Stone             |    10 |       |       |       |       ||    10
       Throwing net      |     1 |       |     1 |       |       ||     2
       Dart              |       |    34 |       |     1 |    66 ||   101
       Javelin           |       |     7 |    52 |    11 |     7 ||    77
       Boomerang         |       |       |    14 |   145 |    59 ||   218
       Large rock        |       |       |       |     1 |    85 ||    86
Invok: Stomp             |       |       |     1 |    11 |    34 ||    46
       Line Pass         |       |       |     1 |     7 |     8 ||    16
Evoke: Wand              |       |     1 |     1 |     6 |       ||     8
       Lightning rod     |       |       |       |     4 |     6 ||    10
  Use: Scroll            |     2 |     5 |     6 |     9 |    16 ||    38
       Potion            |       |       |     1 |     9 |     9 ||    19
 Stab: Held in net/web   |     1 |       |       |       |       ||     1
       Paralysed         |       |       |     5 |    18 |    69 ||    92
       Confused          |       |       |       |     2 |     4 ||     6
       Invisible         |       |       |       |       |     1 ||     1
Armor: Robe              |    35 |    19 |    57 |    83 |   111 ||   305
       Skin              |       |       |       |     1 |    11 ||    12
       Steam dragon scal |       |       |       |       |   350 ||   350
Dodge: Dodged            |    45 |    61 |    68 |   139 |   618 ||   931
Block: Other             |    17 |     6 |    15 |    62 |   279 ||   379
       Reflection        |       |     1 |     1 |     2 |    36 ||    40

Table legend: (Time is in decaauts)
 A = Elapsed time spent in this place.
 B = Non-inter-level travel time spent in this place.
 C = Inter-level travel time spent in this place.
 D = Time resting spent in this place.
 E = Time spent auto-exploring this place.
 F = Levels seen in this place.
 G = Mean time per level.
                   A        B        C        D        E       F      G
               +--------+--------+--------+--------+--------+-----+--------+
         Total |  31067 |  29072 |   1995 |  11326 |   8621 |  24 | 1294.5 |
       Dungeon |  15792 |  14411 |   1381 |   5090 |   5111 |  13 | 1214.8 |
          Lair |   9430 |   8875 |    555 |   3640 |   2614 |   5 | 1886.0 |
     Snake Pit |    809 |    809 |      0 |    459 |    123 |   1 |  809.0 |
  Orcish Mines |   2568 |   2511 |     57 |    721 |    614 |   2 | 1284.0 |
         Sewer |     87 |     87 |      0 |      7 |     21 |   1 |   87.0 |
      Ice Cave |   2056 |   2056 |      0 |   1311 |    138 |   1 | 2056.0 |
       Volcano |    323 |    323 |      0 |     95 |      0 |   1 |  323.0 |
               +--------+--------+--------+--------+--------+-----+--------+

Top non-repeatable levels by time:
  Lair:5: 3254 daAuts
    D:12: 2197 daAuts
   IceCv: 2056 daAuts
    D:13: 1985 daAuts
  Lair:2: 1941 daAuts
  Lair:3: 1618 daAuts
  Lair:4: 1507 daAuts
     D:8: 1493 daAuts
   Orc:2: 1463 daAuts
     D:5: 1273 daAuts
     D:7: 1239 daAuts
     D:9: 1231 daAuts
    D:11: 1219 daAuts
  Lair:1: 1108 daAuts
   Orc:1: 1105 daAuts
